 Dungeon Crawl Stone Soup version 0.26.0-10-g1f06aea511 (webtiles) character file.

Game seed: 9215280348912092604

8533 Borgoz the Carver (level 11, -2/92 HPs)
             Began as a Ghoul Gladiator on Feb 1, 2021.
             Was an Elder of Dithmenos.
             Slain by a meliai
             ... wielding a +0 hand axe
              (4 damage)
             ... on level 15 of the Dungeon.
             The game lasted 00:21:13 (12486 turns).

Borgoz the Carver (Ghoul Gladiator)                Turns: 12486, Time: 00:21:14

Health: -2/92      AC: 16    Str: 19    XL:     11   Next: 32%
Magic:  10/10      EV: 13    Int:  3    God:    Dithmenos [****..]
Gold:   698        SH:  5    Dex: 19    Spells: 10/10 levels left

rFire    + . .     SeeInvis .   A - +3 scimitar
rCold    + + .     Faith    .   x - +0 buckler
rNeg     + + +     Spirit   .   o - +2 chain mail {rF+}
rPois    ∞         Reflect  .   c - +0 helmet
rElec    .         Harm     .   h - +0 cloak
rCorr    .         Rampage  .   (no gloves)
Will     .....                  n - +0 pair of boots
Stlth    ..........             (no amulet)
HPRegen  0.00/turn              r - +6 ring of dexterity
MPRegen  0.12/turn              l - ring of protection from cold

@: wreathed by umbra
A: claws 1, cold resistance 1, negative energy resistance 3, inhibited
regeneration, torment resistance, unbreathing
a: Renounce Religion, Shadow Step


You were on level 15 of the Dungeon.
You worshipped Dithmenos.
Dithmenos was greatly pleased with you.
You visited 2 branches of the dungeon, and saw 14 of its levels.
You also visited: Sewer and Ossuary.

You collected 758 gold pieces.
You spent 60 gold pieces at shops.

Inventory:

Hand Weapons
 a - a +3 long sword
 b - a +3 dagger
 t - a +2 dagger of electrocution
 A - a +3 scimitar (weapon)
Armour
 c - a +0 helmet (worn)
 h - a +0 cloak (worn)
 n - a +0 pair of boots (worn)
 o - a +2 chain mail of fire resistance (worn)
 w - the +1 chain mail "Ipausm" {Harm rC+ SInv}
   (You found it on level 7 of the Dungeon)

   It protects you from cold.
   It lets you see invisible.
   It increases damage dealt and taken.
 x - a +0 buckler (worn)
Jewellery
 l - a ring of protection from cold (right claw)
 r - a +6 ring of dexterity (left claw)
 s - an uncursed ring of flight
Wands
 B - a wand of flame (6)
Scrolls
 d - a scroll of fog
 e - 9 scrolls of remove curse
 f - 9 scrolls of teleportation
 g - a scroll of enchant armour
 j - 2 scrolls of fear
 m - 2 scrolls of magic mapping
 u - 2 scrolls of identify
 y - 3 scrolls of blinking
 z - a scroll of silence
Potions
 i - 5 potions of flight
 k - 2 potions of brilliance
 p - 3 potions of haste
 q - 4 potions of magic
 v - 2 potions of curing


   Skills:
 + Level 7.4 Fighting
 * Level 9.1 Long Blades
 - Level 1.7 Throwing
 * Level 6.7 Armour
 * Level 9.0 Dodging
 + Level 3.1 Shields
 + Level 3.1 Evocations


You had 10 spell levels left.
You didn't know any spells.
Your spell library contained the following spells:

 Spells                   Type           Power        Failure   Level
 Corona                   Hex            0%           100%        1
 Magic Dart               Conj           0%           100%        1
 Sandblast                Erth           0%           100%        1
 Ensorcelled Hibernation  Hex/Ice        0%           100%        2
 Passwall                 Tmut/Erth      0%           100%        2
 Searing Ray              Conj           0%           100%        2
 Confusing Touch          Hex            0%           100%        3
 Dazzling Flash           Conj/Hex       0%           100%        3
 Stone Arrow              Conj/Erth      0%           100%        3
 Tukima's Dance           Hex            0%           100%        3
 Fulminant Prism          Conj/Hex       0%           100%        4
 Iskenderun's Mystic Bla  Conj/Tloc      0%           100%        4
 Petrify                  Tmut/Erth      0%           100%        4
 Lee's Rapid Deconstruct  Erth           0%           100%        5


Dungeon Overview and Level Annotations

Branches:
Dungeon (12/15)            Temple (1/1) D:7            Lair (0/6) D:9
    Orc (0/2) D:12          Sewer (visited)         Ossuary (visited)

Altars:
Ashenzari
Cheibriados
Dithmenos
Elyvilon
Fedhas
Gozag
Hepliaklqana
Kikubaaqudgha
Makhleb
Nemelex Xobeh
Okawaru
Qazlal
Ru
Sif Muna
Trog
Uskayaw
Vehumet
Wu Jian
Xom
Yredelemnul
Zin
The Shining One

Shops:
D:8 :   D:9 =   D:10 ?   D:12 ?

Annotations:
D:15 Kirke


Innate Abilities, Weirdness & Mutations

You thrive by killing the living.
You are immune to poison.
You have sharp fingernails.
Your flesh is cold resistant. (rC+)
You are immune to negative energy. (rN+++)
You do not regenerate when monsters are visible.
You are immune to unholy pain and torment.
You can survive without breathing.


Message History

The bullfrog moves out of view.
The vampire mosquito moves out of view.
Found 25 stones.
Found a stone staircase leading up.
The vampire mosquito buzzes angrily.
The meliai barely misses you.
The meliai stings you but does no damage.
A vampire mosquito comes into view.
The meliai hits you with a +0 hand axe.
* * * LOW HITPOINT WARNING * * *
The meliai stings you but does no damage.
The meliai hits you but does no damage.
The meliai stings you but does no damage.
The vampire mosquito buzzes angrily.
There is a stone staircase leading up here.
The meliai misses you. You block the meliai's attack.
The meliai mumbles some strange prayers to its god against you.
Something smites you!
* * * LOW HITPOINT WARNING * * *
The meliai completely misses you. The meliai closely misses you.
The meliai hits you with a +0 hand axe.
You die...

..........................
..........?......B........
............(....
.................
.................
.......YZ........
.................
.......yy......##
......y@.......#
................#
....yy...........
y..............##
..............##
#..............#
#...............
...............


You could see a soldier ant (wandering), 3 vampire mosquitoes, an ice beast, 3
meliai and a harpy skeleton.

Vanquished Creatures
  Sonja (D:12)
  A manticore (D:12)
  A komodo dragon (D:10)
  A freezing wraith (D:10)
  A hornet (D:12)
  6 yaks (D:9)
  A wyvern (D:8)
  3 wraiths
  A basilisk (D:11)
  Duvessa (D:4)
  A sky beast (D:10)
  3 orc warriors
  2 black bears
  An ice beast (D:5)
  A phantom (D:10)
  2 necrophages
  6 ogres
  2 centaurs
  An elf zombie (Ossuary)
  10 bullfrogs
  A gnoll sergeant (D:8)
  Dowan (D:4)
  3 scorpions
  12 killer bees
  3 wights (D:7)
  An electric eel (D:7)
  3 howler monkeys
  A centaur zombie (D:5)
  A quasit (D:8)
  A bullfrog zombie (D:11)
  4 jellies
  5 orc priests
  2 centaur skeletons
  6 hounds
  15 orc wizards
  A bullfrog skeleton (D:10)
  An iguana (D:9)
  9 worker ants
  3 big kobold zombies (Ossuary)
  A hound zombie (D:6)
  2 hound skeletons
  4 mummies (Ossuary)
  4 worker ant zombies
  11 gnolls
  14 adders
  A shadow imp (D:10)
  2 white imps
  An ufetubus (D:5)
  An ooze (D:2)
  4 adder zombies
  A worm (D:4)
  7 leopard geckos
  36 orcs
  5 ball pythons
  5 giant cockroaches
  9 hobgoblins
  28 jackals
  2 quokkas
  8 bats
  8 frilled lizards
  8 goblins
  A jackal zombie (Ossuary)
  9 kobolds
  2 kobold zombies (Ossuary)
  2 orc zombies (Ossuary)
  A quokka skeleton (D:6)
  8 rats
304 creatures vanquished.

Vanquished Creatures (others)
  11 plants (Sewer)
11 creatures vanquished.

Grand Total: 315 creatures vanquished

Notes
Turn   | Place    | Note
-------+----------+-------------------------------------------
     0 | D:1      | Borgoz the Ghoul Gladiator began the quest for the Orb.
     0 | D:1      | Reached XP level 1. HP: 17/17 MP: 0/0
   165 | D:1      | Reached XP level 2. HP: 24/25 MP: 1/1
   657 | D:1      | Reached XP level 3. HP: 30/30 MP: 2/2
   789 | D:2      | Reached skill level 1 in Armour
   789 | D:2      | Reached XP level 4. HP: 8/37 MP: 3/3
  1440 | D:3      | Found a glowing drain.
  1459 | Sewer    | Entered a sewer
  1477 | Sewer    | Reached XP level 5. HP: 40/44 MP: 4/4
  2591 | D:2      | Found a glowing silver altar of Zin.
  2620 | D:2      | Found a hide-covered altar of Uskayaw.
  2620 | D:2      | Noticed a +0 hand axe
  2621 | D:2      | Noticed a +0 hand axe
  2780 | D:2      | Found a faded altar of an unknown god.
  2909 | D:2      | Found an opulent altar of Gozag.
  3034 | D:3      | Reached XP level 6. HP: 51/51 MP: 5/5
  3504 | D:4      | Noticed Duvessa
  3508 | D:4      | Noticed Dowan
  3518 | D:4      | Killed Duvessa
  3533 | D:4      | Killed Dowan
  3534 | D:4      | Reached XP level 7. HP: 22/58 MP: 6/6
  3747 | D:4      | Noticed a moth of wrath
  3749 | D:4      | Found a bloodstained altar of Trog.
  4169 | D:4      | Found a blossoming altar of Fedhas.
  4181 | D:4      | Found a shadowy altar of Dithmenos.
  4248 | D:4      | Became a worshipper of Dithmenos the Shadowed
  4291 | D:4      | Found a basalt altar of Yredelemnul.
  4424 | D:4      | Reached skill level 5 in Long Blades
  4492 | D:5      | Entered Level 5 of the Dungeon
  4604 | D:5      | Reached skill level 5 in Dodging
  5088 | D:5      | Reached XP level 8. HP: 62/66 MP: 7/7
  5459 | D:6      | Reached * piety under Dithmenos
  6039 | D:7      | Found a sand-covered staircase.
  6067 | D:7      | Reached skill level 5 in Fighting
  6136 | D:7      | Got a smoking chain mail
  6175 | D:7      | Identified the +1 chain mail "Ipausm" {Harm rC+ SInv} (You
                  | found it on level 7 of the Dungeon)
  6258 | D:7      | Reached XP level 9. HP: 66/74 MP: 8/8
  6343 | Ossuary  | Entered an ossuary
  6354 | Ossuary  | Reached ** piety under Dithmenos
  7233 | D:7      | Found a staircase to the Ecumenical Temple.
  7273 | Temple   | Entered the Ecumenical Temple
  8457 | D:8      | Found Pygic's Book Boutique.
  8771 | D:8      | Found a bloodstained altar of Trog.
  8848 | D:8      | Reached XP level 10. HP: 82/83 MP: 9/9
  9108 | D:9      | Reached skill level 5 in Armour
  9194 | D:9      | Reached skill level 1 in Shields
  9194 | D:9      | Reached skill level 1 in Evocations
  9274 | D:9      | Found a stormy altar of Qazlal.
  9308 | D:9      | Reached *** piety under Dithmenos
  9773 | D:9      | Found a staircase to the Lair.
  9954 | D:9      | Found Piybybav's Jewellery Boutique.
 10064 | D:9      | Found a shimmering blue altar of Sif Muna.
 10147 | D:10     | Entered Level 10 of the Dungeon
 10376 | D:10     | Found Dicillu's Magic Scroll Shop.
 10382 | D:10     | Bought a scroll of identify for 30 gold pieces
 10382 | D:10     | Bought a scroll of identify for 30 gold pieces
 11178 | D:11     | Noticed a death knight
 11178 | D:11     | Noticed a skeletal warrior
 11797 | D:11     | Reached **** piety under Dithmenos
 11991 | D:11     | Noticed a boulder beetle
 12018 | D:11     | Reached XP level 11. HP: 42/92 MP: 10/10
 12325 | D:11     | Noticed a seven-headed hydra
 12375 | D:12     | Noticed Sonja
 12388 | D:12     | Killed Sonja
 12399 | D:12     | Noticed a manticore
 12415 | D:12     | Killed a manticore
 12422 | D:12     | Found Xibell's Magic Scroll Shoppe.
 12473 | D:12     | You fall into a shaft and drop 3 floors!
 12473 | D:15     | Entered Level 15 of the Dungeon
 12473 | D:15     | Noticed a centaur warrior
 12473 | D:15     | Noticed a green ugly thing
 12473 | D:15     | Noticed a green ugly thing
 12474 | D:15     | Noticed a green ugly thing
 12474 | D:15     | Noticed a green ugly thing
 12475 | D:15     | Noticed Kirke
 12483 | D:15     | Noticed a lindwurm
 12486 | D:15     | HP: 2/92 [meliai/divine providence (13)]
 12486 | D:15     | Slain by a meliai

Illustrated notes

Levels and vault maps discovered:
D:1:      tarquinn_simple_flora_water_d, layout_basic, minmay_misc_feat_room
D:2:      layout_basic, pdpol_temple_overflow_zin_treasury_gozag_greed,
          dancing_weapons_uskayaw, chequers_ecumenical_altar_twisty
D:3:      layout_basic, gup_sewer_entry_pipe
D:4:      layout_basic, tgw_trog, nicolae_overflow_crystal_walls,
          amethyst_overflow_temple_binary, uniq_duvessa
D:5:      layout_loops_cross
D:6:      layout_loops_ring
D:7:      layout_basic, minmay_temple_entry_mist, nicolae_ossuary_entry_ruins,
          kennysheep_cluttered_room
D:8:      layout_cave_pods, basic_altar, serial_shops, nicolae_shop_statue_plus,
          minmay_stone_trees_medium
D:9:      layout_irregular_city, lemuel_crystal_altar, kennysheep_little_box,
          lair_entry_dummy, serial_glass, glass_columns_b, glass_columns_c,
          glass_columns_b, glass_columns_b, feat_on_display, serial_shops,
          nicolae_shop_waterfront
D:10:     layout_roguey, serial_shops, nicolae_shop_crystal
D:11:     layout_loops_cross, minmay_ruined_shrine
D:12:     layout_loops_ring, david_orc_4, portal_ice_cave_entry_pillars_2,
          serial_shops, shop, zaba_antful_of_joy, uniq_sonja
D:15:     grunt_enter_depths_snipers, layout_cave_pools,
          gammafunk_ghost_wrathful_warriors, grunt_decor_one_mirror, uniq_kirke
Temple:   nicolae_temple_figure_eight

Skill      XL: |  1  2  3  4  5  6  7  8  9 10 11 |
---------------+----------------------------------+-----
Long Blades    | 3 4 5 6 7 8 9 |  9.1
Dodging        | 3 4 5 6 7 8 9 |  9.0
Armour         | 1 2 3 4 6 |  6.7
Fighting       | 3 4 5 6 7 |  7.4
Shields        | 2 3 |  3.1
Evocations     | 2 3 |  3.1
Throwing       | |  1.7

Action                   |  1- 3 |  4- 6 |  7- 9 | 10-12 || total
-------------------------+-------+-------+-------+-------++-------
Melee: Long sword        |    48 |   268 |   422 |   368 ||  1106
       Scimitar          |       |       |       |    18 ||    18
Throw: Throwing net      |       |       |     2 |     2 ||     4
Evoke: Wand              |       |     1 |       |     6 ||     7
  Use: Scroll            |     2 |    10 |     8 |    12 ||    32
       Potion            |       |     3 |     4 |    10 ||    17
 Stab: Sleeping          |       |       |     2 |       ||     2
       Held in net/web   |       |       |     1 |     2 ||     3
Armor: Leather armour    |    17 |    18 |       |       ||    35
       Ring mail         |       |    80 |    66 |       ||   146
       Chain mail        |       |       |   124 |   216 ||   340
Dodge: Dodged            |    35 |   231 |   241 |   367 ||   874
Block: Kite shield       |       |       |   215 |       ||   215
       Buckler           |       |       |     4 |   119 ||   123
       Rpst.: Long sword |     9 |    70 |    80 |   105 ||   264
       Scimitar          |       |       |       |     2 ||     2
